 Dungeon Crawl Stone Soup version 0.30-a0-626-gd6a5dd7a1f (webtiles) character file.

Game seed: 12218856506273434978

174 jlumianski the Trooper (level 5, 0/42 HPs)
             Began as a Demonspawn Fighter on Jan 12, 2023.
             Slain by an ogre
             ... wielding a +0 giant club
              (31 damage)
             ... on level 4 of the Dungeon.
             The game lasted 00:04:47 (885 turns).

jlumianski the Trooper (Demonspawn Fighter)          Turns: 885, Time: 00:04:48

Health: 0/42       AC:  9    Str: 18    XL:     5   Next: 28%
Magic:  5/5        EV:  7    Int:  9    God:
Gold:   51         SH:  5    Dex: 13    Spells: 4/4 levels left

rFire   . . .      SeeInvis .    a - +0 war axe
rCold   . . .      Faith    .    c - +0 buckler
rNeg    . . .      Spirit   .    d - +0 chain mail
rPois   .          Reflect  .    (no helmet)
rElec   .          Harm     .    (no cloak)
rCorr   .          Rampage  .    (no gloves)
Will    .....                    (no boots) Stlth
                                 (no amulet)
HPRegen 0.27/turn                (no ring)
MPRegen 0.09/turn                (no ring)

@: no status effects
A: powered by death 1, spiny 1, demonic touch 1
a: no special abilities


You were on level 4 of the Dungeon.
You visited 1 branch of the dungeon, and saw 5 of its levels.

You collected 51 gold pieces.

Inventory:

Hand Weapons
 a - a +0 war axe (weapon)
Missiles
 e - a poisoned dart (quivered)
 f - 9 stones
 i - 5 boomerangs of dispersal
Armour
 b - a +0 scale mail
 c - a +0 buckler (worn)
 d - a +0 chain mail (worn)
Scrolls
 h - a scroll of identify
 j - a scroll of poison
Potions
 g - a potion of haste


   Skills:
 + Level 3.9 Fighting
 + Level 2.7 Axes
 + Level 3.6 Armour
 + Level 1.0 Dodging
 + Level 3.4 Shields


You had 4 spell levels left.
You didn't know any spells.
Your spell library contained the following spells:

 Spells                   Type           Power      Damage    Failure   Level
 Gell's Gravitas          Tloc           0%         N/A       100%        3
 Lesser Beckoning         Tloc           0%         N/A       100%        3
 Teleport Other           Tloc           0%         N/A       100%        3


Dungeon Overview and Level Annotations

Branches:
Dungeon (5/15)
 Temple: D:4-7

Altars:
Ashenzari
Makhleb
Uskayaw

Annotations:
D:2 Sigmund


Innate Abilities, Weirdness & Mutations

You regenerate a little health from kills.
You are partially covered in sharp spines.
Your touch may inflict minor irresistible damage on your foes.


Message History

You kill the gnoll!
You slash the gnoll!
The gnoll is heavily wounded.
The gnoll hits you but does no damage.
You slash the gnoll!
You kill the gnoll!
The gnoll is struck by your spines. The gnoll hits you but does no damage.
You slash the gnoll!
You kill the gnoll!
Your Dodging skill increases to level 1!
Things that are here:
a +0 whip; a +0 flail; a +0 spear You hear the brisk hiss of an avalanche of sand nearby.
Things that are here:
a +0 club; a gnoll corpse You see here a quokka corpse.
You open the door.
A goblin and an ogre come into view.
The ogre shouts!
You hear a shout! x3
Found 6 poisoned darts.
Throw: 2 darts (poison)
Press: ? - help, Q - select action, (/) - cycle Shift-Dir - straight line, f - ogre
Aim: an ogre, wielding a +0 giant club (73% to hit)
You throw a poisoned dart. The poisoned dart hits the ogre.
You hit the ogre but do no damage. The ogre hits you with a +0 giant club!
You slash the ogre!
The ogre is moderately wounded.
The ogre completely misses you.
You completely miss the ogre.
The ogre is moderately wounded.
You block the ogre's attack.
You slash the ogre!
The ogre is severely wounded.
The ogre is struck by your spines. The ogre completely misses you.
You closely miss the ogre.
The ogre is almost dead.
You hear the brisk hiss of a distant avalanche of sand.
The ogre hits you with a +0 giant club!!
Ouch! That really hurt!
You die...

...............
##.......####
##......†####
#.###.#.....#
#.# #.#......
#.# #.#####..
######.#
########.
#......#
#......
#@####.#
#.####. #O# ###
### #. #g# #.
... ## ....# #
#...## # #...#
# #.### # #( #


You could see an ogre and a goblin.

Vanquished Creatures
  A scorpion (D:4)
  4 gnolls (D:4)
  4 adders
  An ufetubus (D:4)
  An adder skeleton (D:3)
  A worm (D:4)
  5 orcs (D:4)
  A ball python (D:4)
  A bat (D:3)
  An endoplasm (D:3)
  A giant cockroach (D:3)
  A hobgoblin (D:1)
  2 kobolds (D:1)
  2 quokkas (D:4)
  A rat (D:1)
27 creatures vanquished.

Notes
Turn   | Place    | Note
-------+----------+-------------------------------------------
     0 | D:1      | jlumianski the Demonspawn Fighter began the quest for the
                  | Orb.
     0 | D:1      | Reached XP level 1. HP: 18/18 MP: 1/1
   246 | D:1      | You fall into a shaft and drop 1 floor!
   288 | D:2      | Noticed Sigmund
   362 | D:3      | Gained mutation: You are partially covered in sharp spines.
                  | [demonic ancestry]
   362 | D:3      | Reached XP level 2. HP: 24/24 MP: 2/2
   424 | D:3      | Reached XP level 3. HP: 29/29 MP: 3/3
   536 | D:4      | Found a broken altar of Ashenzari.
   543 | D:4      | Found a burning altar of Makhleb.
   629 | D:5      | Entered Level 5 of the Dungeon
   636 | D:5      | Noticed a black bear
   643 | D:5      | Noticed a scorpion
   651 | D:4      | Killed a scorpion
   652 | D:4      | Gained mutation: You regenerate a little health from kills.
                  | [demonic ancestry]
   652 | D:4      | Reached XP level 4. HP: 14/37 MP: 4/4
   696 | D:4      | Found a hide-covered altar of Uskayaw.
   788 | D:4      | Gained mutation: Your touch may inflict minor irresistible
                  | damage on your foes. [demonic ancestry]
   788 | D:4      | Reached XP level 5. HP: 40/42 MP: 5/5
   831 | D:4      | Reached skill level 1 in Dodging
   878 | D:4      | Noticed an ogre
   885 | D:4      | Slain by an ogre

Illustrated notes

Levels and vault maps discovered:
D:1:      scummos_arrival_simple_fountains, layout_basic, serial_shops, shop
D:2:      layout_basic, skrybe_limestone_x, st_stairs_10, uniq_robin,
          uniq_sigmund
D:3:      layout_basic, ebering_ghost_gozag, serial_undead, serial_undead_d,
          serial_undead_a, serial_undead_c, serial_undead_e,
          minmay_misc_feat_five, chequers_serial_rivers_large_b
D:4:      layout_basic, tgw_sif, mainiacjoe_overflow_cross_hatched,
          amethyst_overflow_temple_binary, nicolae_overflow_crystal_walls,
          nicolae_ossuary_entry_giza
D:5:      layout_rooms, mainiacjoe_overflow_small_starburst

Skill      XL: |  1  2  3  4  5 |
---------------+----------------+-----
Armour         | 3 |  3.6
Axes           | 2 |  2.7
Shields        | 3 |  3.4
Dodging        | 1 |  1.0
Fighting       | |  3.9

Action                   |  1- 3 |  4- 6 || total
-------------------------+-------+-------++-------
Melee: War axe           |    53 |    30 ||    83
Throw: Dart              |       |     1 ||     1
  Use: Scroll            |     1 |     1 ||     2
       Potion            |     1 |       ||     1
Armor: Scale mail        |    36 |     4 ||    40
       Chain mail        |       |     8 ||     8
Dodge: Dodged            |    32 |    11 ||    43
Block: Buckler           |    14 |     6 ||    20

Table legend: (Time is in decaauts)
 A = Elapsed time spent in this place.
 B = Non-inter-level travel time spent in this place.
 C = Inter-level travel time spent in this place.
 D = Time resting spent in this place.
 E = Time spent auto-exploring this place.
 F = Levels seen in this place.
 G = Mean time per level.
                   A        B        C        D        E       F      G
               +--------+--------+--------+--------+--------+-----+--------+
         Total |    922 |    922 |      0 |     18 |    395 |   5 |  184.4 |
       Dungeon |    922 |    922 |      0 |     18 |    395 |   5 |  184.4 |
               +--------+--------+--------+--------+--------+-----+--------+

Top non-repeatable levels by time:
     D:4: 436 daAuts
     D:1: 238 daAuts
     D:3: 160 daAuts
     D:2: 70 daAuts
     D:5: 17 daAuts
